Unix NetHack Version 5.0.0-0 post-release - last build May 10 2026 23:12:36 (d1fa5d53e341ca933230fdaa984d921c805b60aa,branch:main).

Game began 2026-05-11 04:08:43, ended 2026-05-11 04:29:36.

246786432, neutral female human Barbarian

                                  ---------    --------
    -----                         |.......|   #..%..Z.|
   --...--       ------------#####........|   #|%.^^.^|
  --.....--      |...........#    |.......|####|^..%..|       -------------
  |.......|      |.|........|     |.......|#   ----..%.##     |...........|
  |.......|   ###-..>.......|     --.------#      |@.^|#######............|
  |.......|   #  ------------       ########      |...|####   |.......*...|
  --.....--   #                     #########     -|---#  ##  |...<.......|
   --...--    #                          ###############   ###............|
    --.--     #                             # ######          -------------
      ##########################``###############
       #      #                        ----+-.--.---
  -----.---- ##                        |...........|
  |........-##                         |...........|
  |......(.|                           |...........|
  |........|                           -------------
  ----------

246786432 the Pillager     St:18/01 Dx:16 Co:18 In:7 Wi:7 Ch:8  Neutral
Dlvl:1  $:20 HP:0(38) Pw:4(4) AC:7  Xp:3 T:1303 

Latest messages:
 The dwarf zombie hits!
 You destroy the dwarf zombie!
 You are still in a pit.
 You are still in a pit.
 You are still in a pit.
 You are still in a pit.
 You are still in a pit.
 You are still in a pit.
 You crawl to the edge of the pit.
 You fall into a pit!
 There is a pit here.
 You see here a kobold corpse.
 You have a little trouble lifting a kobold corpse.  Continue? [ynq] (q) q
 You are still in a pit.
 You are still in a pit.
 You are still in a pit.
 You are still in a pit.
 You are still in a pit.
 You are still in a pit.
 You crawl to the edge of the pit.
 The dwarf zombie hits!
 The dwarf zombie hits!
 You smite the dwarf zombie!
 The dwarf zombie misses!
 The orc zombie climbs out of the pit.
 You destroy the dwarf zombie!
 Welcome to experience level 3.
 Really step onto that squeaky board? [yn] (n) n
 Really step onto that squeaky board? [yn] (n) y
 A board beneath you squeaks a G note loudly.
 You fall into a pit!
 You are still in a pit.
 You are still in a pit.
 You are still in a pit.
 You are still in a pit.
 You are still in a pit.
 A board beneath the orc zombie squeaks a G note loudly.
 You are still in a pit.
 The orc zombie hits!
 You miss the orc zombie.
 The orc zombie hits!
 You miss the orc zombie.
 You miss the orc zombie.
 You destroy the orc zombie!
 Really step onto that squeaky board? [yn] (n) n
 Really step onto that squeaky board? [yn] (n) n
 You crawl to the edge of the pit.
 You fall into a pit!
 You die...
 Do you want your possessions identified? [ynq] (y) q

Inventory:
 Coins    ('$')
  $ - 20 gold pieces
 Weapons  (')')
  e - a cursed +0 orcish bow
  f - a cursed +0 knife
  a - a +0 battle-axe (alternate weapon; not wielded)
  b - a +0 short sword (weapon in right hand)
 Armor    ('[')
  h - a cursed -1 orcish ring mail
  c - a blessed +0 ring mail (being worn)
 Comestibles  ('%')
  d - an uncursed lichen corpse
 Scrolls  ('?')
  k - an uncursed scroll of teleportation
 Potions  ('!')
  g - an uncursed potion of enlightenment
  i - an uncursed potion of monster detection

246786432 the Barbarian's attributes:

Background:
 You were a Pillager, a level 3 female human Barbarian.
 You were neutral, nominally on a mission for Crom
 who was opposed by Mitra (lawful) and Set (chaotic).
 You were right-handed.
 You were in the Dungeons of Doom, on level 1.
 You entered the dungeon 1303 turns ago.
 It was nighttime.
 You had 42 experience points, 38 more were needed to attain level 4.

Basics:
 You had 0 out of 38 hit points.
 You had all 4 energy points (spell power).
 Your armor class was 7.
 Your wallet contained 20 zorkmids.
 Autopickup was off.

Final Characteristics:
 Your strength was 18/01 (limit:18/100).
 Your dexterity was 16 (limit:18).
 Your constitution was 18 (limit:18).
 Your intelligence was 7 (limit:18).
 Your wisdom was 7 (limit:18).
 Your charisma was 8 (limit:18).

Final Status:
 You were trapped in a pit.
 You weren't hungry.
 You were unencumbered.
 You were wielding a short sword.
 You had basic skill with short sword.

Final Attributes:
 You were devoutly aligned.
 You were poison resistant.
 You were warded.
 You are dead.

Miscellaneous:
 You didn't encounter any bones levels.
 Total elapsed playing time was 20 minutes and 39 seconds.

Major events:
 Turn
    1: 246786432 the neutral female human Barbarian entered the dungeon
 1288: attained the rank of Pillager (level 3)
 1303: fell into a pit

You didn't know any spells.

Skills:
 Fighting Skills
   bare handed combat [Basic]
   two weapon combat  [Unskilled]
   riding             [Unskilled]
 Weapon Skills
   dagger             [Unskilled]
   axe                [Basic]
   pick-axe           [Unskilled]
   short sword        [Basic]
   broadsword         [Unskilled]
   long sword         [Unskilled]
   two-handed sword   [Unskilled]
   saber              [Unskilled]
   club               [Unskilled]
   mace               [Unskilled]
   morning star       [Unskilled]
   flail              [Unskilled]
   hammer             [Unskilled]
   quarterstaff       [Unskilled]
   spear              [Unskilled]
   trident            [Unskilled]
   bow                [Unskilled]
 Spellcasting Skills
   attack spells      [Unskilled]
   escape spells      [Unskilled]

Voluntary challenges:
 Character rerolling was not enabled.
 You followed a strict vegan diet.
 You were an atheist.
 You were illiterate.
 You never genocided any monsters.
 You never polymorphed an object.
 You never changed form.
 You used no wishes.
Achievement:
 You attained the rank of Pillager.

 The Dungeons of Doom: levels 1 to 3
    Level 1: <- You were here.
       A grave.
       Final resting place for
          you, fell into a pit.
    Level 2:
       A fountain, a grave.
    Level 3:


Vanquished creatures:
  a kitten
  3 orc zombies
  3 dwarf zombies
  a giant rat
  3 gnome zombies
  2 jackals
  a fox
  a sewer rat
  3 lichens
 10 kobold zombies
  3 newts
31 creatures vanquished.

No species were genocided or became extinct.

Game over:
                       ----------
                      /          \
                     /    REST    \
                    /      IN      \
                   /     PEACE      \
                  /                  \
                  |    246786432     |
                  |      20 Au       |
                  | fell into a pit  |
                  |                  |
                  |                  |
                  |                  |
                  |       2026       |
                 *|     *  *  *      | *
        _________)/\\_//(\/(/\)/\//\/|_)_______

Goodbye 246786432 the Barbarian...

You died in The Dungeons of Doom on dungeon level 1 with 286 points,
and 20 pieces of gold, after 1303 moves.
You were level 3 with a maximum of 38 hit points when you died.

